Red Wings vs Senateurs

Created - June 20, 2022 at 19:08

Goals
1 2 3 T
Red Wings 1 1 1 3
Senateurs 0 2 0 2
Shots
1 2 3 T
Red Wings 10 13 8 31
Senateurs 8 13 10 31

1st period

1. Red Wings , Marko Dano 34 (Connor Brown 37, Dylan Larkin 28) at 10:13

Penalties :
James Neal (Ott) for Roughing (Minor) at 4:46, PK Subban (Ott) for Hooking (Minor) at 18:18

2nd period

2. Senateurs , Sidney Crosby 48 (Jason Pominville 23, Eric Gelinas 30) at 8:46 (PP)
3. Senateurs , Brandon Sutter 22 (Rostislav Olesz 23, James Neal 15) at 15:24 (PP)
4. Red Wings , Henrik Zetterberg 30 (Philip Samuelsson 34, Mike McKenna) at 16:29

Penalties :
Tye McGinn (Det) for Boarding (Minor) at 8:15, Henrik Zetterberg (Det) for Hooking (Minor) at 9:10, Dylan Larkin (Det) for Roughing (Minor) at 14:21

3rd period

5. Red Wings , Michael Haley 8 (Jiri Fischer 18, Jakub Kindl 11) at 12:57

Penalties :
Rostislav Olesz (Ott) for Holding Stick (Minor) at 6:51, Drew Fata (Det) for Holding (Minor) at 18:10, James Neal (Ott) for Roughing (Minor) at 18:46

Goalie Stats

Mike McKenna (Det), 29 saves from 31 shots - (0.935), W, 11-4-1, 60:00 minutes
Jonathan Bernier (Ott), 28 saves from 31 shots - (0.903), L, 26-14-3, 60:00 minutes

Players Stats for Red Wings

Player Name              G  A  P  +/- PIM S  H  SB GA TA FO     MP     PP MP  PK MP  
------------------------------------------------------------------------------------
Carson Mcmillan          0  0  0   1  0   1  2  0  0  0  0/0    14:39   0:04   2:36 
Connor Brown             0  1  1   1  0   1  0  1  0  0  0/0    16:18   2:24   0:00 
David Krejci             0  0  0   1  0   1  1  0  0  0  0/2     7:53   0:00   0:00 
Drew Fata                0  0  0   0  2   2  0  1  0  2  0/0    21:44   3:52   2:17 
Dylan Larkin             0  1  1   1  2   0  0  0  0  0  7/13   15:41   2:24   0:00 
Henrik Zetterberg        1  0  1   0  2   4  1  1  0  0  15/28  19:45   3:33   0:00 
Jakub Kindl              0  1  1   2  0   1  0  4  0  0  0/0    16:22   2:05   0:00 
Jiri Fischer             0  1  1   2  0   0  0  0  0  0  0/0    15:21   0:00   0:28 
Jordin Tootoo            0  0  0   1  0   1  1  0  0  0  0/0     7:53   0:00   0:00 
Kris Versteeg            0  0  0   0  0   3  3  0  0  2  2/8    21:01   2:24   3:09 
Marko Dano               1  0  1   1  0   3  1  0  0  0  0/0    17:51   3:29   0:22 
Michael Haley            1  0  1   1  0   1  0  0  0  0  0/0     8:36   0:00   0:43 
Nino Niederreiter        0  0  0   0  0   5  1  0  1  0  2/2    20:19   3:29   0:45 
Ole-Kristian Tollefsen   0  0  0   0  0   1  1  0  0  1  0/0    19:02   2:05   1:24 
Philip Samuelsson        0  1  1   1  0   1  2  1  2  0  0/0    25:12   3:52   1:24 
Ryan O'Byrne             0  0  0   1  0   1  0  3  0  0  0/0    22:18   0:00   2:45 
T.J. Hensick             0  0  0   1  0   1  2  0  0  0  4/6    12:46   0:04   0:43 
Tye McGinn               0  0  0   1  2   4  0  0  0  0  0/0    11:53   0:00   0:00 

Players Stats for Senateurs

Player Name              G  A  P  +/- PIM S  H  SB GA TA FO     MP     PP MP  PK MP  
------------------------------------------------------------------------------------
Brandon Burlon           0  0  0  -2  0   0  0  1  0  0  0/0    12:37   0:00   0:44 
Brandon Sutter           1  0  1  -2  0   2  2  1  0  0  5/11   18:35   1:55   1:56 
Eric Gelinas             0  1  1   0  0   1  0  2  1  0  0/0    28:27   2:16   3:57 
Eric Wellwood            0  0  0  -1  0   4  1  2  0  0  0/0    15:14   0:00   0:55 
Erik Haula               0  0  0  -1  0   4  0  1  0  1  2/9    15:51   0:00   0:57 
James Neal               0  1  1  -2  4   3  2  0  0  0  0/0    16:58   1:54   0:00 
Jason Pominville         0  1  1   0  0   2  1  0  2  1  1/1    21:02   2:14   0:00 
Mike Green               0  0  0   0  0   0  2  0  0  1  0/0    28:27   2:16   3:57 
Paul Stastny             0  0  0   0  0   0  0  0  0  0  0/0     4:52   0:00   0:00 
PK Subban                0  0  0  -1  2   0  1  0  1  0  0/0    19:05   1:53   1:16 
Rostislav Olesz          0  1  1  -2  2   3  1  0  0  0  0/0    18:31   1:55   1:07 
Ryan Getzlaf             0  0  0   0  0   0  0  0  0  0  2/3     5:05   0:00   0:00 
Sean Bergenheim          0  0  0   0  0   3  2  0  0  0  0/0    21:03   2:14   3:28 
Sergei Kostitsyn         0  0  0   0  0   0  0  0  0  0  0/0     0:00   0:00   0:00 
Sidney Crosby            1  0  1   0  0   5  1  0  1  0  19/35  21:06   2:14   3:31 
Steve Bernier            0  0  0  -1  0   1  1  0  0  0  0/0    14:20   0:00   0:00 
T.J. Fast                0  0  0  -2  0   0  2  0  0  0  0/0    11:53   0:00   0:00 
Taylor Chorney           0  0  0  -1  0   3  0  0  0  0  0/0    19:40   1:53   2:00 

3 Stars

1 - Marko Dano (Det)
2 - Michael Haley (Det)
3 - Jakub Kindl (Det)

Power Play

Red Wings - 0 on 4 Attempt(s) - 0.00%
Senateurs - 2 on 4 Attempt(s) - 50.00%

Penalty Kill

Red Wings - 2 on 4 Attempt(s) - 50.00% - Score 0 goal in Penalty Kill
Senateurs - 4 on 4 Attempt(s) - 100.00% - Score 0 goal in Penalty Kill

Team Stat

Red Wings - Hits : 15 - Faceoff Wins : 30 - Blocked Shots : 11 - Penalty Minutes : 8
Senateurs - Hits : 16 - Faceoff Wins : 29 - Blocked Shots : 7 - Penalty Minutes : 8

Official

Referees : Michael Markovic and Brian Pochmara
Linesman : Ryan Gibbons and Bevan Mills

Game Notes

No Game Note

Finance

Level 1 -- Attendance: 6000 (100.00%) -- Ticket Income $600,000
Level 2 -- Attendance: 5000 (100.00%) -- Ticket Income $300,000
Level 3 -- Attendance: 1921 (96.05%) -- Ticket Income $67,235
Level 4 -- Attendance: 3730 (93.25%) -- Ticket Income $93,250
Luxury Box -- Attendance: 1000 (100.00%) -- Ticket Income $200,000
Game was played at the Centre Canadian Tire.
Total Attendance: 17651 (98.06%)
Total Ticket Income: $1,260,485
Other Income: $189,073
Total Income: $1,449,558

Red Wings

5 vs 5 Forward 
   Center                   Left Wing                Right Wing               Time % Phy DF OF 
 1 Henrik Zetterberg        Kris Versteeg            Nino Niederreiter        40     1   2  2  
 2 Dylan Larkin             Marko Dano               Connor Brown             30     1   2  2  
 3 T.J. Hensick             Tye McGinn               Carson Mcmillan          20     1   2  2  
 4 David Krejci             Michael Haley            Jordin Tootoo            10     1   2  2  

5 vs 5 Defense 
   Defense                  Defense                                           Time % Phy DF OF 
 1 Philip Samuelsson        Ryan O'Byrne                                      40     1   2  2  
 2 Drew Fata                Ole-Kristian Tollefsen                            30     1   2  2  
 3 Jakub Kindl              Jiri Fischer                                      20     1   2  2  
 4 Jakub Kindl              Jiri Fischer                                      10     1   2  2  

PowerPlay Forward 
   Center                   Left Wing                Right Wing               Time % Phy DF OF 
 1 Henrik Zetterberg        Marko Dano               Nino Niederreiter        60     2   1  2  
 2 Dylan Larkin             Kris Versteeg            Connor Brown             40     2   1  2  

PowerPlay Defense
   Defense                  Defense                                           Time % Phy DF OF 
 1 Philip Samuelsson        Drew Fata                                         60     1   2  2  
 2 Jakub Kindl              Ole-Kristian Tollefsen                            40     1   2  2  

Penalty Kill 4 Players Forward 
   Center                   Wing                     Time % Phy DF OF 
 1 Kris Versteeg            Carson Mcmillan          60     0   4  1  
 2 T.J. Hensick             Michael Haley            40     0   4  1  

Penalty Kill 4 Players Defense
   Defense                  Defense                  Time % Phy DF OF 
 1 Ryan O'Byrne             Drew Fata                60     1   4  0  
 2 Philip Samuelsson        Ole-Kristian Tollefsen   40     1   4  0  

Penalty Kill - 3 Players Forward 
   Forward                                           Time % Phy DF OF 
 1 Carson Mcmillan                                   60     1   4  0  
 2 Michael Haley                                     40     1   4  0  

Penalty Kill - 3 Players Defense
   Defense                  Defense                  Time % Phy DF OF 
 1 Ole-Kristian Tollefsen   Ryan O'Byrne             60     0   5  0  
 2 Philip Samuelsson        Drew Fata                40     0   5  0  

4 vs 4 Forward 
   Center                   Wing                     Time % Phy DF OF 
 1 Henrik Zetterberg        Marko Dano               55     1   2  2  
 2 Nino Niederreiter        Connor Brown             45     1   2  2  

4 vs 4 Defense
   Defense                  Defense                  Time % Phy DF OF 
 1 Philip Samuelsson        Ole-Kristian Tollefsen   60     1   2  2  
 2 Drew Fata                Jiri Fischer             40     1   2  2  

Last Minutes Offensive
   Center                   Left Wing                Right Wing               Defense                  Defense                  
   Henrik Zetterberg        Marko Dano               Nino Niederreiter        Philip Samuelsson        Connor Brown             

Last Minutes Defensive
   Center                   Left Wing                Right Wing               Defense                  Defense                  
   T.J. Hensick             Michael Haley            Carson Mcmillan          Ryan O'Byrne             Drew Fata                

Goaltenders
Starting : Mike McKenna             
Backup : Robin Lehner             

Extra Forwards
Normal : Dylan Larkin, Connor Brown, Nino Niederreiter - PP : T.J. Hensick, Carson Mcmillan - PK : Nino Niederreiter
Extra Defensemen
Normal : Philip Samuelsson, Drew Fata, Ryan O'Byrne - PP : Jiri Fischer - PK : Jiri Fischer, Jakub Kindl
Penalty Shots
Kris Versteeg, Dylan Larkin, Marko Dano, Nino Niederreiter, Carson Mcmillan

Scratches
David Rundblad (Healthy), Mike Richards (Torso Injury), Ryane Clowe (Healthy)

Senateurs

5 vs 5 Forward 
   Center                   Left Wing                Right Wing               Time % Phy DF OF 
 1 Sidney Crosby            Sean Bergenheim          Jason Pominville         40     0   1  4  
 2 Brandon Sutter           Rostislav Olesz          James Neal               30     0   1  4  
 3 Erik Haula               Eric Wellwood            Steve Bernier            20     1   2  2  
 4 Ryan Getzlaf             Paul Stastny             Jason Pominville         10     1   2  2  

5 vs 5 Defense 
   Defense                  Defense                                           Time % Phy DF OF 
 1 Eric Gelinas             Mike Green                                        40     1   3  1  
 2 PK Subban                Taylor Chorney                                    30     1   3  1  
 3 Brandon Burlon           T.J. Fast                                         20     1   3  1  
 4 Eric Gelinas             Mike Green                                        10     1   3  1  

PowerPlay Forward 
   Center                   Left Wing                Right Wing               Time % Phy DF OF 
 1 Sidney Crosby            Sean Bergenheim          Jason Pominville         60     0   1  4  
 2 Brandon Sutter           Rostislav Olesz          James Neal               40     0   1  4  

PowerPlay Defense
   Defense                  Defense                                           Time % Phy DF OF 
 1 Eric Gelinas             Mike Green                                        60     0   2  3  
 2 PK Subban                Taylor Chorney                                    40     0   2  3  

Penalty Kill 4 Players Forward 
   Center                   Wing                     Time % Phy DF OF 
 1 Sidney Crosby            Sean Bergenheim          60     1   2  2  
 2 Brandon Sutter           Rostislav Olesz          40     1   2  2  

Penalty Kill 4 Players Defense
   Defense                  Defense                  Time % Phy DF OF 
 1 Eric Gelinas             Mike Green               60     1   3  1  
 2 PK Subban                Taylor Chorney           40     1   3  1  

Penalty Kill - 3 Players Forward 
   Forward                                           Time % Phy DF OF 
 1 Sidney Crosby                                     60     1   3  1  
 2 Brandon Sutter                                    40     1   3  1  

Penalty Kill - 3 Players Defense
   Defense                  Defense                  Time % Phy DF OF 
 1 Eric Gelinas             Mike Green               60     1   4  0  
 2 PK Subban                Taylor Chorney           40     1   4  0  

4 vs 4 Forward 
   Center                   Wing                     Time % Phy DF OF 
 1 Sidney Crosby            Sean Bergenheim          60     0   2  3  
 2 Brandon Sutter           Rostislav Olesz          40     0   2  3  

4 vs 4 Defense
   Defense                  Defense                  Time % Phy DF OF 
 1 Eric Gelinas             Mike Green               60     1   3  1  
 2 PK Subban                Taylor Chorney           40     1   3  1  

Last Minutes Offensive
   Center                   Left Wing                Right Wing               Defense                  Defense                  
   Sidney Crosby            Sean Bergenheim          Jason Pominville         Eric Gelinas             Mike Green               

Last Minutes Defensive
   Center                   Left Wing                Right Wing               Defense                  Defense                  
   Sidney Crosby            Sean Bergenheim          Jason Pominville         Eric Gelinas             Mike Green               

Goaltenders
Starting : Jonathan Bernier         
Backup : Brian Elliott            

Extra Forwards
Normal : Erik Haula, James Neal, Rostislav Olesz - PP : Erik Haula, James Neal - PK : Erik Haula
Extra Defensemen
Normal : Taylor Chorney, Brandon Burlon, T.J. Fast - PP : Taylor Chorney - PK : Taylor Chorney, Brandon Burlon
Penalty Shots
Sidney Crosby, Sean Bergenheim, Jason Pominville, Brandon Sutter, Erik Haula

Scratches
Reilly Smith (Sprained Right Ankle Injury)

% Time on Ice - Red Wings

Lines # - Real PCT - Wanted PCT - Time Play
Normal Forward
1 - 32% - 40% - 15:36
2 - 27% - 30% - 13:18
3 - 24% - 20% - 11:54
4 - 16% - 10% - 7:53
Normal Defense
1 - 41% - 40% - 19:54
2 - 31% - 30% - 15:03
3 - 21% - 20% - 10:19
4 - 7% - 10% - 3:25
PP Forward
1 - 60% - 60% - 3:33
2 - 40% - 40% - 2:24
PP Defense
1 - 65% - 60% - 3:52
2 - 35% - 40% - 2:05
PK Forward
1 - 83% - 60% - 3:26
2 - 17% - 40% - 0:43
PK Defense
1 - 66% - 60% - 2:45
2 - 34% - 40% - 1:24
PK3 Forward
1 - 0% - 60%
2 - 0% - 40%
PK3 Defense
1 - 0% - 60%
2 - 0% - 40%
44 Forward
1 - 51% - 55% - 0:37
2 - 49% - 45% - 0:36
44 Defense
1 - 41% - 60% - 0:30
2 - 59% - 40% - 0:43
Last Minute Offensive  - 0:00
Last Minute Defensive  - 0:00
Total
Forward - 60:00
Defense - 60:00

% Time on Ice - Senateurs

Lines # - Real PCT - Wanted PCT - Time Play
Normal Forward
1 - 30% - 40% - 14:42
2 - 32% - 30% - 15:45
3 - 27% - 20% - 13:22
4 - 10% - 10% - 4:52
Normal Defense
1 - 39% - 40% - 18:52
2 - 31% - 30% - 15:13
3 - 24% - 20% - 11:53
4 - 6% - 10% - 2:43
PP Forward
1 - 54% - 60% - 2:14
2 - 46% - 40% - 1:55
PP Defense
1 - 55% - 60% - 2:16
2 - 45% - 40% - 1:53
PK Forward
1 - 74% - 60% - 4:23
2 - 26% - 40% - 1:34
PK Defense
1 - 66% - 60% - 3:57
2 - 34% - 40% - 2:00
PK3 Forward
1 - 0% - 60%
2 - 0% - 40%
PK3 Defense
1 - 0% - 60%
2 - 0% - 40%
44 Forward
1 - 88% - 60% - 1:04
2 - 12% - 40% - 0:09
44 Defense
1 - 53% - 60% - 0:39
2 - 47% - 40% - 0:34
Last Minute Offensive  - 0:00
Last Minute Defensive  - 0:00
Total
Forward - 60:00
Defense - 60:00

Play-by-Play

1st period


0:01 of 1st period - Henrik Zetterberg wins face-off versus Sidney Crosby in neutral zone.
0:51 of 1st period - Eric Wellwood is hit by Carson Mcmillan and loses puck.
0:56 of 1st period - Snap shot by T.J. Hensick.
0:56 of 1st period - Shot Blocked by Erik Haula.
0:58 of 1st period - Slapshot by Ryan O'Byrne.
0:58 of 1st period - Shot Misses the Net.
1:00 of 1st period - Snap shot by Tye McGinn.
1:00 of 1st period - Stopped by Jonathan Bernier without a rebound.
1:01 of 1st period - Ryan Getzlaf wins face-off versus David Krejci in Senateurs zone.
1:14 of 1st period - Snap shot by David Krejci.
1:14 of 1st period - Stopped by Jonathan Bernier with a rebound.
1:26 of 1st period - Ole-Kristian Tollefsen is hit by James Neal and loses puck.
3:19 of 1st period - Slapshot by Ryan Getzlaf.
3:19 of 1st period - Shot Misses the Net.
3:41 of 1st period - Wrist shot by Nino Niederreiter.
3:41 of 1st period - Stopped by Jonathan Bernier without a rebound.
3:42 of 1st period - Henrik Zetterberg wins face-off versus Erik Haula in Senateurs zone.
3:45 of 1st period - Wrist shot by Nino Niederreiter.
3:45 of 1st period - Stopped by Jonathan Bernier without a rebound.
3:46 of 1st period - Kris Versteeg wins face-off versus Erik Haula in Senateurs zone.
4:05 of 1st period - Slapshot by Erik Haula.
4:05 of 1st period - Stopped by Mike McKenna without a rebound.
4:06 of 1st period - Sidney Crosby wins face-off versus Dylan Larkin in Red Wings zone.
4:46 of 1st period - Minor Penalty to James Neal for Roughing.
4:47 of 1st period - Sidney Crosby wins face-off versus Henrik Zetterberg in Senateurs zone.
5:03 of 1st period - Snap shot by Marko Dano.
5:03 of 1st period - Stopped by Jonathan Bernier without a rebound.
5:04 of 1st period - Sidney Crosby wins face-off versus Dylan Larkin in Senateurs zone.
5:33 of 1st period - Wrist shot by Marko Dano.
5:33 of 1st period - Shot Blocked by Eric Gelinas.
6:11 of 1st period - Rostislav Olesz is hit by Kris Versteeg and loses puck.
6:46 of 1st period - Penalty to James Neal is over, James Neal is back on ice.
7:05 of 1st period - Ryan Getzlaf is hit by T.J. Hensick and loses puck.
8:01 of 1st period - Slapshot by Paul Stastny.
8:01 of 1st period - Shot Blocked by Jakub Kindl.
8:15 of 1st period - Slapshot by Erik Haula.
8:15 of 1st period - Shot Misses the Net.
8:17 of 1st period - Slapshot by Eric Wellwood.
8:17 of 1st period - Stopped by Mike McKenna with a rebound.
8:19 of 1st period - Slapshot by Mike Green.
8:19 of 1st period - Shot Blocked by Connor Brown.
8:31 of 1st period - Brandon Sutter is hit by Carson Mcmillan and loses puck.
8:50 of 1st period - Mike Green is hit by Kris Versteeg and loses puck.
9:32 of 1st period - Slapshot by Eric Wellwood.
9:32 of 1st period - Shot Misses the Net.
10:09 of 1st period - Wrist shot by Connor Brown.
10:09 of 1st period - Shot Misses the Net.
10:11 of 1st period - Slapshot by Marko Dano.
10:11 of 1st period - Shot Blocked by Brandon Burlon.
10:13 of 1st period - Snap shot by Marko Dano.
10:13 of 1st period - Goal by Marko Dano - Red Wings : 1 - Senateurs : 0.
10:14 of 1st period - Henrik Zetterberg wins face-off versus Brandon Sutter in neutral zone.
10:31 of 1st period - Snap shot by Henrik Zetterberg.
10:31 of 1st period - Stopped by Jonathan Bernier without a rebound.
10:32 of 1st period - Sidney Crosby wins face-off versus Dylan Larkin in Senateurs zone.
10:43 of 1st period - Snap shot by Sean Bergenheim.
10:43 of 1st period - Stopped by Mike McKenna with a rebound.
10:45 of 1st period - Slapshot by Eric Gelinas.
10:45 of 1st period - Shot Blocked by Jakub Kindl.
10:47 of 1st period - Slapshot by Eric Gelinas.
10:47 of 1st period - Shot Blocked by Jakub Kindl.
10:49 of 1st period - Slapshot by Mike Green.
10:49 of 1st period - Shot Blocked by Jakub Kindl.
11:10 of 1st period - Snap shot by Brandon Sutter.
11:10 of 1st period - Deflect By James Neal.
11:10 of 1st period - Stopped by Mike McKenna with a rebound.
11:48 of 1st period - Michael Haley is hit by Steve Bernier and loses puck.
11:57 of 1st period - Slapshot by Steve Bernier.
11:57 of 1st period - Deflect By Jordin Tootoo.
11:57 of 1st period - Stopped by Mike McKenna without a rebound.
11:58 of 1st period - Sidney Crosby wins face-off versus Kris Versteeg in Red Wings zone.
12:18 of 1st period - Nino Niederreiter is hit by Sidney Crosby and loses puck.
12:55 of 1st period - Brandon Burlon is hit by T.J. Hensick and loses puck.
13:04 of 1st period - Snap shot by Tye McGinn.
13:04 of 1st period - Stopped by Jonathan Bernier without a rebound.
13:05 of 1st period - Sidney Crosby wins face-off versus Henrik Zetterberg in Senateurs zone.
13:49 of 1st period - Wrist shot by Brandon Sutter.
13:49 of 1st period - Stopped by Mike McKenna with a rebound.
13:51 of 1st period - Wrist shot by Rostislav Olesz.
13:51 of 1st period - Stopped by Mike McKenna without a rebound.
13:52 of 1st period - T.J. Hensick wins face-off versus Erik Haula in Red Wings zone.
13:57 of 1st period - Snap shot by Erik Haula.
13:57 of 1st period - Deflect By Eric Wellwood.
13:57 of 1st period - Shot Misses the Net.
13:57 of 1st period - Puck is out of play.
13:58 of 1st period - Erik Haula wins face-off versus T.J. Hensick in Red Wings zone.
15:49 of 1st period - Wrist shot by Connor Brown.
15:49 of 1st period - Shot Misses the Net.
15:59 of 1st period - Marko Dano is hit by Mike Green and loses puck.
16:10 of 1st period - Snap shot by Eric Wellwood.
16:10 of 1st period - Stopped by Mike McKenna with a rebound.
16:24 of 1st period - Wrist shot by Marko Dano.
16:24 of 1st period - Stopped by Jonathan Bernier without a rebound.
16:25 of 1st period - Henrik Zetterberg wins face-off versus Sidney Crosby in Senateurs zone.
16:51 of 1st period - Tye McGinn is hit by Rostislav Olesz and loses puck.
17:14 of 1st period - Snap shot by Paul Stastny.
17:14 of 1st period - Shot Misses the Net.
17:16 of 1st period - Slapshot by Brandon Burlon.
17:16 of 1st period - Deflect By Jason Pominville.
17:16 of 1st period - Shot Misses the Net.
17:16 of 1st period - Puck is out of play.
17:17 of 1st period - Ryan Getzlaf wins face-off versus David Krejci in Red Wings zone.
17:28 of 1st period - Wrist shot by Jordin Tootoo.
17:28 of 1st period - Stopped by Jonathan Bernier without a rebound.
17:29 of 1st period - Henrik Zetterberg wins face-off versus Sidney Crosby in Senateurs zone.
17:30 of 1st period - Wrist shot by Kris Versteeg.
17:30 of 1st period - Deflect By Henrik Zetterberg.
17:30 of 1st period - Shot Misses the Net.
17:30 of 1st period - Puck is out of play.
17:31 of 1st period - Henrik Zetterberg wins face-off versus Sidney Crosby in Senateurs zone.
18:18 of 1st period - Minor Penalty to PK Subban for Hooking.
18:19 of 1st period - Henrik Zetterberg wins face-off versus Sidney Crosby in Senateurs zone.
19:45 of 1st period - Icing by Ole-Kristian Tollefsen.
19:46 of 1st period - Sidney Crosby wins face-off versus Dylan Larkin in Red Wings zone.
Goals for this period are 1 for Red Wings vs 0 for Senateurs.
Shots for this period are 10 for Red Wings vs 8 for Senateurs.

2nd period


0:01 of 2nd period - Nino Niederreiter wins face-off versus Sidney Crosby in neutral zone.
0:04 of 2nd period - Wrist shot by Philip Samuelsson.
0:04 of 2nd period - Shot Blocked by Eric Gelinas.
0:06 of 2nd period - Snap shot by Henrik Zetterberg.
0:06 of 2nd period - Stopped by Jonathan Bernier without a rebound.
0:07 of 2nd period - Sidney Crosby wins face-off versus Henrik Zetterberg in Senateurs zone.
0:18 of 2nd period - Penalty to PK Subban is over, PK Subban is back on ice.
0:37 of 2nd period - Slapshot by Tye McGinn.
0:37 of 2nd period - Stopped by Jonathan Bernier with a rebound.
0:39 of 2nd period - Snap shot by Drew Fata.
0:39 of 2nd period - Stopped by Jonathan Bernier without a rebound.
0:40 of 2nd period - Sidney Crosby wins face-off versus Henrik Zetterberg in Senateurs zone.
2:07 of 2nd period - Wrist shot by Tye McGinn.
2:07 of 2nd period - Stopped by Jonathan Bernier with a rebound.
2:09 of 2nd period - Wrist shot by Carson Mcmillan.
2:09 of 2nd period - Deflect By T.J. Hensick.
2:09 of 2nd period - Stopped by Jonathan Bernier with a rebound.
2:11 of 2nd period - Slapshot by Drew Fata.
2:11 of 2nd period - Stopped by Jonathan Bernier without a rebound.
2:12 of 2nd period - Sidney Crosby wins face-off versus Henrik Zetterberg in Senateurs zone.
2:12 of 2nd period - Sidney Crosby is hit by Philip Samuelsson.
3:02 of 2nd period - Jakub Kindl is hit by T.J. Fast and loses puck.
4:37 of 2nd period - Slapshot by Ole-Kristian Tollefsen.
4:37 of 2nd period - Shot Misses the Net.
5:24 of 2nd period - Wrist shot by Kris Versteeg.
5:24 of 2nd period - Stopped by Jonathan Bernier with a rebound.
6:06 of 2nd period - Snap shot by Carson Mcmillan.
6:06 of 2nd period - Stopped by Jonathan Bernier without a rebound.
6:07 of 2nd period - Brandon Sutter wins face-off versus Henrik Zetterberg in Senateurs zone.
6:12 of 2nd period - Jakub Kindl is hit by Brandon Sutter and loses puck.
7:00 of 2nd period - Wrist shot by James Neal.
7:00 of 2nd period - Stopped by Mike McKenna with a rebound.
7:16 of 2nd period - Wrist shot by Sean Bergenheim.
7:16 of 2nd period - Stopped by Mike McKenna without a rebound.
7:17 of 2nd period - Sidney Crosby wins face-off versus Henrik Zetterberg in Red Wings zone.
7:28 of 2nd period - Slapshot by Sidney Crosby.
7:28 of 2nd period - Stopped by Mike McKenna with a rebound.
7:30 of 2nd period - Slapshot by Taylor Chorney.
7:30 of 2nd period - Shot Blocked by Ryan O'Byrne.
7:44 of 2nd period - Dylan Larkin is hit by Eric Wellwood and loses puck.
7:49 of 2nd period - Snap shot by Erik Haula.
7:49 of 2nd period - Stopped by Mike McKenna with a rebound.
8:09 of 2nd period - Wrist shot by James Neal.
8:09 of 2nd period - Shot Misses the Net.
8:15 of 2nd period - Minor Penalty to Tye McGinn for Boarding.
8:16 of 2nd period - Sidney Crosby wins face-off versus Kris Versteeg in Red Wings zone.
8:29 of 2nd period - Snap shot by Eric Gelinas.
8:29 of 2nd period - Shot Misses the Net.
8:44 of 2nd period - Slapshot by Sidney Crosby.
8:44 of 2nd period - Stopped by Mike McKenna with a rebound.
8:46 of 2nd period - Slapshot by Sidney Crosby.
8:46 of 2nd period - Goal by Sidney Crosby - Red Wings : 1 - Senateurs : 1.
8:47 of 2nd period - Sidney Crosby wins face-off versus Henrik Zetterberg in neutral zone.
9:10 of 2nd period - Minor Penalty to Henrik Zetterberg for Hooking.
9:11 of 2nd period - Sidney Crosby wins face-off versus Kris Versteeg in Red Wings zone.
9:29 of 2nd period - Off-side.
9:30 of 2nd period - Brandon Sutter wins face-off versus Kris Versteeg in neutral zone.
10:33 of 2nd period - Nino Niederreiter is hit by Sean Bergenheim and loses puck.
10:54 of 2nd period - Kris Versteeg is hit by PK Subban and loses puck.
11:10 of 2nd period - Penalty to Henrik Zetterberg is over, Henrik Zetterberg is back on ice.
11:22 of 2nd period - Jiri Fischer is hit by Mike Green and loses puck.
11:36 of 2nd period - Off-side.
11:37 of 2nd period - Dylan Larkin wins face-off versus Ryan Getzlaf in neutral zone.
12:09 of 2nd period - Wrist shot by James Neal.
12:09 of 2nd period - Stopped by Mike McKenna with a rebound.
12:11 of 2nd period - Slapshot by Brandon Burlon.
12:11 of 2nd period - Shot Blocked by Ryan O'Byrne.
12:24 of 2nd period - Off-side.
12:25 of 2nd period - T.J. Hensick wins face-off versus Erik Haula in neutral zone.
12:27 of 2nd period - Off-side.
12:28 of 2nd period - T.J. Hensick wins face-off versus Erik Haula in neutral zone.
13:29 of 2nd period - Slapshot by Eric Gelinas.
13:29 of 2nd period - Stopped by Mike McKenna with a rebound.
13:41 of 2nd period - Slapshot by Ole-Kristian Tollefsen.
13:41 of 2nd period - Stopped by Jonathan Bernier with a rebound.
13:43 of 2nd period - Wrist shot by Tye McGinn.
13:43 of 2nd period - Deflect By T.J. Hensick.
13:43 of 2nd period - Shot Blocked by Eric Wellwood.
13:43 of 2nd period - Puck is out of play.
13:44 of 2nd period - Sidney Crosby wins face-off versus Henrik Zetterberg in Senateurs zone.
13:44 of 2nd period - Sidney Crosby is hit by Nino Niederreiter.
13:58 of 2nd period - Snap shot by Sidney Crosby.
13:58 of 2nd period - Stopped by Mike McKenna with a rebound.
14:21 of 2nd period - Minor Penalty to Dylan Larkin for Roughing.
14:22 of 2nd period - Sidney Crosby wins face-off versus Kris Versteeg in Red Wings zone.
14:48 of 2nd period - Slapshot by Ole-Kristian Tollefsen.
14:48 of 2nd period - Deflect By Nino Niederreiter.
14:48 of 2nd period - Shot Misses the Net.
14:48 of 2nd period - Puck is out of play.
14:49 of 2nd period - Brandon Sutter wins face-off versus Kris Versteeg in Senateurs zone.
15:22 of 2nd period - Snap shot by Rostislav Olesz.
15:22 of 2nd period - Stopped by Mike McKenna with a rebound.
15:24 of 2nd period - Slapshot by Brandon Sutter.
15:24 of 2nd period - Goal by Brandon Sutter - Red Wings : 1 - Senateurs : 2.
15:25 of 2nd period - Sidney Crosby wins face-off versus Henrik Zetterberg in neutral zone.
15:30 of 2nd period - Snap shot by Sean Bergenheim.
15:30 of 2nd period - Shot Blocked by Philip Samuelsson.
15:42 of 2nd period - Snap shot by Henrik Zetterberg.
15:42 of 2nd period - Stopped by Jonathan Bernier without a rebound.
15:43 of 2nd period - Dylan Larkin wins face-off versus Brandon Sutter in Senateurs zone.
15:52 of 2nd period - James Neal is hit by Marko Dano and loses puck.
16:29 of 2nd period - Wrist shot by Henrik Zetterberg.
16:29 of 2nd period - Goal by Henrik Zetterberg - Red Wings : 2 - Senateurs : 2.
16:30 of 2nd period - Sidney Crosby wins face-off versus Henrik Zetterberg in neutral zone.
16:35 of 2nd period - Snap shot by Sidney Crosby.
16:35 of 2nd period - Stopped by Mike McKenna without a rebound.
16:36 of 2nd period - Henrik Zetterberg wins face-off versus Sidney Crosby in Red Wings zone.
17:11 of 2nd period - Snap shot by Connor Brown.
17:11 of 2nd period - Deflect By Rostislav Olesz.
17:11 of 2nd period - Shot Misses the Net.
17:11 of 2nd period - Puck is out of play.
17:12 of 2nd period - Dylan Larkin wins face-off versus Sidney Crosby in Senateurs zone.
18:12 of 2nd period - Snap shot by Erik Haula.
18:12 of 2nd period - Stopped by Mike McKenna without a rebound.
18:13 of 2nd period - Henrik Zetterberg wins face-off versus Sidney Crosby in Red Wings zone.
18:20 of 2nd period - Wrist shot by Kris Versteeg.
18:20 of 2nd period - Stopped by Jonathan Bernier with a rebound.
18:22 of 2nd period - Slapshot by Philip Samuelsson.
18:22 of 2nd period - Stopped by Jonathan Bernier without a rebound.
18:23 of 2nd period - Sidney Crosby wins face-off versus Henrik Zetterberg in Senateurs zone.
18:30 of 2nd period - Nino Niederreiter is hit by Jason Pominville and loses puck.
19:07 of 2nd period - Icing by Mike Green.
19:08 of 2nd period - Dylan Larkin wins face-off versus Sidney Crosby in Senateurs zone.
19:54 of 2nd period - Off-side.
19:55 of 2nd period - T.J. Hensick wins face-off versus Erik Haula in neutral zone.
Goals for this period are 1 for Red Wings vs 2 for Senateurs.
Shots for this period are 13 for Red Wings vs 13 for Senateurs.

3rd period


0:01 of 3rd period - Jason Pominville wins face-off versus Henrik Zetterberg in neutral zone.
0:08 of 3rd period - Icing by Nino Niederreiter.
0:09 of 3rd period - Henrik Zetterberg wins face-off versus Sidney Crosby in Red Wings zone.
0:34 of 3rd period - Slapshot by Taylor Chorney.
0:34 of 3rd period - Shot Blocked by Henrik Zetterberg.
0:36 of 3rd period - Slapshot by Taylor Chorney.
0:36 of 3rd period - Stopped by Mike McKenna with a rebound.
0:38 of 3rd period - Snap shot by Jason Pominville.
0:38 of 3rd period - Stopped by Mike McKenna with a rebound.
0:45 of 3rd period - Wrist shot by Taylor Chorney.
0:45 of 3rd period - Stopped by Mike McKenna with a rebound.
0:47 of 3rd period - Slapshot by Taylor Chorney.
0:47 of 3rd period - Stopped by Mike McKenna without a rebound.
0:48 of 3rd period - Brandon Sutter wins face-off versus Dylan Larkin in Red Wings zone.
0:58 of 3rd period - Off-side.
0:59 of 3rd period - Dylan Larkin wins face-off versus Brandon Sutter in neutral zone.
1:37 of 3rd period - Snap shot by Nino Niederreiter.
1:37 of 3rd period - Stopped by Jonathan Bernier with a rebound.
2:29 of 3rd period - Connor Brown is hit by Sean Bergenheim and loses puck.
3:07 of 3rd period - Snap shot by T.J. Hensick.
3:07 of 3rd period - Shot Blocked by Eric Wellwood.
3:09 of 3rd period - Snap shot by Tye McGinn.
3:09 of 3rd period - Shot Misses the Net.
3:32 of 3rd period - Off-side.
3:33 of 3rd period - Dylan Larkin wins face-off versus Brandon Sutter in neutral zone.
3:46 of 3rd period - Snap shot by Connor Brown.
3:46 of 3rd period - Shot Blocked by Brandon Sutter.
4:16 of 3rd period - Icing by Ole-Kristian Tollefsen.
4:17 of 3rd period - Erik Haula wins face-off versus T.J. Hensick in Red Wings zone.
4:18 of 3rd period - Snap shot by Eric Wellwood.
4:18 of 3rd period - Shot Misses the Net.
4:32 of 3rd period - Wrist shot by Eric Wellwood.
4:32 of 3rd period - Stopped by Mike McKenna with a rebound.
4:34 of 3rd period - Wrist shot by Mike Green.
4:34 of 3rd period - Deflect By Erik Haula.
4:34 of 3rd period - Stopped by Mike McKenna with a rebound.
4:48 of 3rd period - Slapshot by Sean Bergenheim.
4:48 of 3rd period - Stopped by Mike McKenna with a rebound.
4:50 of 3rd period - Slapshot by PK Subban.
4:50 of 3rd period - Shot Blocked by Drew Fata.
4:52 of 3rd period - Slapshot by PK Subban.
4:52 of 3rd period - Deflect By Jason Pominville.
4:52 of 3rd period - Stopped by Mike McKenna without a rebound.
4:53 of 3rd period - Henrik Zetterberg wins face-off versus Brandon Sutter in Red Wings zone.
5:04 of 3rd period - Snap shot by Rostislav Olesz.
5:04 of 3rd period - Stopped by Mike McKenna with a rebound.
5:06 of 3rd period - Slapshot by James Neal.
5:06 of 3rd period - Shot Blocked by Ryan O'Byrne.
6:01 of 3rd period - Mike Green is hit by Jordin Tootoo and loses puck.
6:24 of 3rd period - Snap shot by Kris Versteeg.
6:24 of 3rd period - Stopped by Jonathan Bernier with a rebound.
6:26 of 3rd period - Slapshot by Ryan O'Byrne.
6:26 of 3rd period - Stopped by Jonathan Bernier with a rebound.
6:28 of 3rd period - Snap shot by Nino Niederreiter.
6:28 of 3rd period - Stopped by Jonathan Bernier without a rebound.
6:29 of 3rd period - Dylan Larkin wins face-off versus Sidney Crosby in Senateurs zone.
6:40 of 3rd period - Slapshot by Connor Brown.
6:40 of 3rd period - Stopped by Jonathan Bernier without a rebound.
6:41 of 3rd period - Henrik Zetterberg wins face-off versus Brandon Sutter in Senateurs zone.
6:51 of 3rd period - Minor Penalty to Rostislav Olesz for Holding Stick.
6:52 of 3rd period - Henrik Zetterberg wins face-off versus Sidney Crosby in Senateurs zone.
7:44 of 3rd period - Snap shot by Nino Niederreiter.
7:44 of 3rd period - Stopped by Jonathan Bernier without a rebound.
7:45 of 3rd period - Brandon Sutter wins face-off versus Dylan Larkin in Senateurs zone.
8:51 of 3rd period - Penalty to Rostislav Olesz is over, Rostislav Olesz is back on ice.
9:39 of 3rd period - PK Subban is hit by David Krejci and loses puck.
11:16 of 3rd period - Mike Green is hit by Ole-Kristian Tollefsen and loses puck.
11:51 of 3rd period - Eric Wellwood is hit by Philip Samuelsson and loses puck.
12:26 of 3rd period - Jakub Kindl is hit by Brandon Sutter and loses puck.
12:40 of 3rd period - Jordin Tootoo is hit by T.J. Fast and loses puck.
12:51 of 3rd period - Slapshot by Jakub Kindl.
12:51 of 3rd period - Shot Misses the Net.
12:53 of 3rd period - Slapshot by Jakub Kindl.
12:53 of 3rd period - Stopped by Jonathan Bernier with a rebound.
12:55 of 3rd period - Slapshot by Jiri Fischer.
12:55 of 3rd period - Shot Misses the Net.
12:57 of 3rd period - Slapshot by Michael Haley.
12:57 of 3rd period - Goal by Michael Haley - Red Wings : 3 - Senateurs : 2.
12:58 of 3rd period - Henrik Zetterberg wins face-off versus Sidney Crosby in neutral zone.
13:09 of 3rd period - Jason Pominville is hit by Kris Versteeg and loses puck.
13:56 of 3rd period - Snap shot by Eric Wellwood.
13:56 of 3rd period - Stopped by Mike McKenna with a rebound.
14:19 of 3rd period - Mike Green is hit by Henrik Zetterberg and loses puck.
17:41 of 3rd period - Slapshot by Philip Samuelsson.
17:41 of 3rd period - Shot Misses the Net.
18:10 of 3rd period - Minor Penalty to Drew Fata for Holding.
18:11 of 3rd period - Kris Versteeg wins face-off versus Sidney Crosby in Red Wings zone.
18:37 of 3rd period - Kris Versteeg is hit by James Neal and loses puck.
18:46 of 3rd period - Minor Penalty to James Neal for Roughing.
18:47 of 3rd period - Henrik Zetterberg wins face-off versus Sidney Crosby in Senateurs zone.
18:58 of 3rd period - Snap shot by Marko Dano.
18:58 of 3rd period - Shot Misses the Net.
19:41 of 3rd period - Icing by Connor Brown.
19:42 of 3rd period - Nino Niederreiter wins face-off versus Erik Haula in Red Wings zone.
Goals for this period are 1 for Red Wings vs 0 for Senateurs.
Shots for this period are 8 for Red Wings vs 10 for Senateurs.